 Dungeon Crawl Stone Soup version 0.29-a0-1052-g6990b1bffc (webtiles) character file.

Game seed: 15144416185410425352

16 Zeldest the Trooper (level 2, -2/24 HPs)
             Began as a Mummy Cinder Acolyte on Aug 18, 2022.
             Was a High Priest of Ignis.
             Slain by Terence
             ... wielding a +0 short sword
              (4 damage)
             ... on level 2 of the Dungeon.
             The game lasted 00:00:38 (202 turns).

Zeldest the Trooper (Mummy Cinder Acolyte)           Turns: 202, Time: 00:00:38

Health: -2/24      AC: 12    Str: 17    XL:     2   Next: 37%
Magic:  4/4        EV: 10    Int: 13    God:    Ignis [*****.]
Gold:   30         SH:  0    Dex:  7    Spells: 3/3 levels left

rFire   . . .      SeeInvis .   a - -1 hand axe (flame)
rCold   + . .      Faith    .   (no shield)
rNeg    + + +      Spirit   .   e - +0 ring mail
rPois   ∞          Reflect  .   (no helmet)
rElec   .          Harm     .   (no cloak)
rCorr   .          Rampage  .   (no gloves)
Will    .....                   (no boots)
Stlth   ..........              (no amulet)
HPRegen 0.08/turn               (no ring)
MPRegen 0.09/turn               (no ring)

@: fiery-armoured
A: cold resistance 1, negative energy resistance 3, torment resistance 2, heat
vulnerability 1, no potions
a: Renounce Religion, Fiery Armour, Foxfire Swarm, Rising Flame


You were on level 2 of the Dungeon.
You worshipped Ignis.
Ignis was extremely pleased with you.
You visited 1 branch of the dungeon, and saw 2 of its levels.

You collected 30 gold pieces.

Inventory:

Hand Weapons
 a - a -1 hand axe of flaming (weapon)
Armour
 b - a +0 robe
 e - a +0 ring mail (worn)
Scrolls
 c - a scroll of teleportation {unknown}
 d - 3 scrolls of identify {unknown}
 f - a scroll of amnesia {unknown}
 g - a scroll of poison {unknown}


   Skills:
 + Level 3.2 Fighting
 * Level 2.8 Axes
 + Level 0.6 Armour
 - Level 1.3 Spellcasting
 - Level 2.4 Fire Magic


You had 3 spell levels left.
You didn't know any spells.
Your spell library contained the following spells:

 Spells                   Type           Power      Damage    Failure   Level
 Scorch                   Fire           14%        2d5       28%         2


Dungeon Overview and Level Annotations

Branches:
Dungeon (2/15)

Altars:

Annotations:
D:2 Terence


Innate Abilities, Weirdness & Mutations

You are immune to poison.
Your flesh is cold resistant. (rC+)
You are immune to negative energy. (rN+++)
You are immune to unholy pain and torment.
You are vulnerable to heat. (rF-)
You do not drink.


Message History

No target in view!
The bat barely misses you.
A bat is nearby!
You closely miss the bat. The bat closely misses you.
The bat hits you but does no damage.
The bat is burned by your cloak of flames.
You kill the bat!
No target in view!
You see here a bat corpse.
Terence the Incautious comes into view.
He is wielding a +0 short sword.
Terence shouts!
Terence is nearby!
Terence is nearby!
Terence hits you but does no damage.
You hit Terence. You burn Terence.
Terence is lightly wounded.
Terence drinks a potion.
Terence flickers and vanishes!
Deactivating autopickup; reactivate with Ctrl-A.
No target in view!
No target in view!
You barely miss something. Something hits you but does no damage.
You hit something. You burn something. Something hits you but does no damage.
You closely miss something.
Your fiery armour burns out.
Something hits you but does no damage.
You closely miss something. Something hits you. x2
You closely miss something. Something hits you.
You closely miss something. Something hits you.
You miss something. Something hits you.
You closely miss something. Something hits you.
* * * LOW HITPOINT WARNING * * *
You barely miss something. Something hits you but does no damage.
You closely miss something. Something hits you.
* * * LOW HITPOINT WARNING * * *
Something hits you.
* * * LOW HITPOINT WARNING * * *
A protective cloak of flame settles atop you.
Something hits you but does no damage.
You hit something. You burn something. Something hits you.
You die...

######## #......#
#......# #......#
#......# #######......#
.#
######.....#......#...#
<.>..†.....#....@{....#
########...†..........#
##.##...#.##...#
#..##.###.# .## #####.#
..# # ... ### ###. .#
..


There were no monsters in sight!

Vanquished Creatures
  An endoplasm (D:1)
  3 hobgoblins (D:1)
  4 jackals (D:1)
  A quokka (D:1)
  2 bats (D:2)
  2 kobolds (D:1)
  A rat (D:1)
14 creatures vanquished.

Notes
Turn   | Place    | Note
-------+----------+-------------------------------------------
     0 | D:1      | Zeldest the Mummy Cinder Acolyte began the quest for the
                  | Orb.
     0 | D:1      | Reached XP level 1. HP: 18/18 MP: 2/2
    71 | D:1      | Reached XP level 2. HP: 13/24 MP: 4/4
   186 | D:2      | Noticed Terence
   202 | D:2      | Slain by Terence

Illustrated notes

Levels and vault maps discovered:
D:1:      ldierk_walled_garden_2, layout_rooms,
          dilly_ecumenical_altar_fadedgnrine
D:2:      minmay_chambers_of_twos, layout_rooms, basic_altar,
          minmay_heptomino_l4, uniq_terence

Action                   || total
-------------------------++-------
Melee: Hand axe          ||    35
Invok: Fiery Armour      ||     2
Armor: Robe              ||     6
       Ring mail         ||    12
Dodge: Dodged            ||    18

Table legend: (Time is in decaauts)
 A = Elapsed time spent in this place.
 B = Non-inter-level travel time spent in this place.
 C = Inter-level travel time spent in this place.
 D = Time resting spent in this place.
 E = Time spent auto-exploring this place.
 F = Levels seen in this place.
 G = Mean time per level.
                   A        B        C        D        E       F      G
               +--------+--------+--------+--------+--------+-----+--------+
         Total |    207 |    207 |      0 |      0 |     94 |   2 |  103.5 |
       Dungeon |    207 |    207 |      0 |      0 |     94 |   2 |  103.5 |
               +--------+--------+--------+--------+--------+-----+--------+

Top non-repeatable levels by time:
     D:1: 173 daAuts
     D:2: 33 daAuts
